[Event "40th Cappelle Open 2024"]
[Site "Cappelle-la-Grande"]
[Date "2024.03.05"]
[Round "5.10"]
[White "Maisuradze, Nino"]
[Black "Roshka, Yevgeniy"]
[Result "0-1"]
[ECO "A41"]
[WhiteElo "2254"]
[BlackElo "2468"]
[Annotator "TA"]
[PlyCount "118"]
[EventDate "2024.03.02"]
[EventType "swiss"]
[EventCountry "FRA"]
[SourceTitle "playchess.com"]
[Source "ChessBase"]
[SourceQuality "1"]
[TimeControl "40/5400+30:1800+30"]

1. d4 g6 2. e4 Bg7 3. c4 d6 4. Nf3 e5 5. Be2 Nc6 6. Bg5 {[%emt 0:02:58] A41: 1 d4 d6: Tartakower System and Modern Defence.} f6 7. Be3 Nh6 8. h3 f5 9. d5 Ne7 10. Nh2 $146 ({Predecessor:} 10. Nc3 O-O 11. Ng5 f4 12. Bc1 Nef5 13. Nf3 Nd4 14. Nb5 Nxe2 15. Qxe2 a6 16. Nc3 {1-0 Arnelind,M (2167)-Poley,V (2290) Gothenburg Manhem 2014 (6)}) 10... Nf7 11. g4 f4 12. Bc1 h5 13. Nc3 hxg4 $1 14. hxg4 (14. Nxg4 $15 Ng8 15. Bd2) 14... Ng5 15. Kd2 Ng8 16. Kc2 Nf6 17. f3 Kf7 18. Qg1 Rh3 19. Bd2 Bd7 20. Qf2 Qh8 21. Rag1 Qh4 (21... c5 $17) 22. Qxh4 $11 Rxh4 23. Nf1 Rah8 24. Rxh4 Rxh4 25. Be1 Rh3 26. Nd2 Rh2 27. Kd1 Bf8 28. Rf1 Nh3 29. b4 Be7 30. a4 Bd8 (30... c6 $11) 31. a5 (31. c5 $14) 31... Kg7 ({Black should play} 31... c5 $15 32. dxc6 bxc6 (32... Bxc6 33. Nb3 $15)) 32. Nb3 Nh7 33. c5 N7g5 34. a6 bxa6 35. c6 $1 Bc8 36. Nd2 Rg2 37. Rh1 Ng1 38. Bf1 (38. Bh4 $1 $11 {was the only way to keep the balance.}) 38... Rxd2+ $1 $17 39. Bxd2 N1xf3 40. Kc1 Nd4 41. Bd3 Ngf3 42. Be1 (42. Nb1 $17) 42... Nxe1 $19 (42... Bxg4 43. Bf2 $17) 43. Rxe1 Bh4 44. Rh1 Bf2 45. Nd1 Bg3 46. g5 Nf3 47. Rf1 (47. Nc3 {keeps fighting.}) 47... Nxg5 $19 48. Nf2 Bh4 (48... Nh7 $142 49. Kd2 Bxf2 50. Rxf2 g5) 49. Kc2 $2 (49. Kd1) 49... Nf3 50. Be2 Nd4+ 51. Kd2 f3 52. Bc4 Bg5+ $2 (52... Bg3 $19 {...g5 is the strong threat.} 53. Ke3 g5) 53. Kd3 $17 Bh4 (53... Be7 $17 {Hoping for ...Bg5.} 54. Rh1 Bg5) 54. Nd1 $2 (54. Kd2 $1 $11 {and White stays safe.} Bg3 55. Ke3) 54... g5 $19 (54... Bh3 55. Rh1 Ne2 56. Ke3 Bg5+ (56... Nf4 $2 57. Nf2 $18) 57. Kxf3 Nd4+ 58. Kg3 $16) 55. Ne3 Kg6 56. Ra1 (56. Rh1 $142 Kh5 57. Kd2) 56... g4 $19 57. Nxg4 Bxg4 58. Rxa6 Be1 59. Rxa7 f2 0-1

[Event "40th Cappelle Open 2024"]
[Site "Cappelle-la-Grande"]
[Date "2024.03.05"]
[Round "5.11"]
[White "Wirig, Anthony"]
[Black "Degardin, Sylvain"]
[Result "1/2-1/2"]
[ECO "A01"]
[WhiteElo "2462"]
[BlackElo "2235"]
[Annotator "TA"]
[PlyCount "59"]
[EventDate "2024.03.02"]
[EventType "swiss"]
[EventCountry "FRA"]
[SourceTitle "playchess.com"]
[Source "ChessBase"]
[SourceQuality "1"]
[TimeControl "40/5400+30:1800+30"]

1. b3 g6 2. Bb2 Nf6 3. Bxf6 exf6 4. c4 d5 5. cxd5 Qxd5 {[%emt 0:00:11] White is weak on the dark squares} 6. Nc3 Qa5 7. a3 {[%emt 0:00:13] Inhibits Bb4.} c6 (7... Bxa3 $2 {loses.} 8. Nb1 $18) 8. e3 f5 (8... Bxa3 $2 {perishes.} 9. Nb1 $18) 9. Nge2 Bd6 (9... Bxa3 $2 {is the wrong capture.} 10. Nb1 $18) 10. b4 Qd8 11. g3 O-O 12. Bg2 Qe7 13. Qb3 {[%emt 0:06:27] The position is equal.} Nd7 14. O-O Nf6 15. d4 a5 16. Rab1 axb4 17. axb4 Be6 18. d5 Nxd5 19. Nxd5 Bxd5 20. Bxd5 cxd5 21. Rfd1 Be5 22. Rxd5 Rfd8 23. Rbd1 Rxd5 24. Qxd5 Rc8 25. Qd7 Rc7 26. Qxe7 Rxe7 27. Rd5 Kf8 28. Rd8+ Re8 29. Rd7 Re7 30. Rd8+ {[%emt 0:00:20] An uneventful encounter.   Weighted Error Value: White=0.04 (flawless) /Black=0.04 (flawless) .  Inaccurate:     	White=1     	Black=1      OK:         	White=12    	Black=9} 1/2-1/2

[Event "40th Cappelle Open 2024"]
[Site "Cappelle-la-Grande"]
[Date "2024.03.05"]
[Round "5.12"]
[White "Derige Kane, Yan"]
[Black "Degraeve, Jean-Marc"]
[Result "0-1"]
[ECO "E73"]
[WhiteElo "2230"]
[BlackElo "2455"]
[Annotator "TA"]
[PlyCount "66"]
[EventDate "2024.03.02"]
[EventType "swiss"]
[EventCountry "FRA"]
[SourceTitle "playchess.com"]
[Source "ChessBase"]
[SourceQuality "1"]
[TimeControl "40/5400+30:1800+30"]

1. d4 Nf6 2. c4 g6 3. Nc3 Bg7 4. e4 d6 5. Be2 O-O 6. Be3 e5 7. d5 Na6 8. g4 $1 Nc5 9. f3 a5 10. h4 {[%emt 0:07:26] White is slightly better.} h5 11. g5 Nh7 12. Kd2 ({White should play} 12. Nh3 $16) 12... f6 13. gxf6 Rxf6 14. Nh3 Bxh3 15. Rxh3 Rf4 16. Qg1 Nf8 17. Rg3 (17. Kc2 $16) 17... Qxh4 $14 (17... Rxh4 18. Bg5 Bf6 19. Bxh4 Bxh4 20. Rxg6+ Kf7 21. Rg7+ Ke8 22. f4 $18) 18. Bxf4 (18. Rg2 $16) 18... exf4 $11 19. Rxg6 Nxg6 20. Qxg6 Qf6 21. Qxh5 a4 22. Rh1 a3 {[%emt 0:01:07] Really sharp!} 23. Qh7+ Kf8 24. Rh5 Qd4+ $1 (24... axb2 25. Rf5 b1=N+ 26. Nxb1 Rxa2+ 27. Ke1 $18) 25. Kc2 axb2 $40 {[%emt 0:03:49][%mdl 128] Black is up to no good.} 26. Rf5+ $2 {[%emt 0:03:01][%mdl 8192] [#] White is weak on the dark squares} (26. Nb1 $11 Ra4 (26... Rxa2 $2 {too greedy.} 27. Rf5+ Bf6 28. e5 $18) 27. Qf5+ Ke7 28. Qg5+ Bf6 29. Rh7+ Kf8 30. Qh6+ Bg7 31. Rh8+ Ke7 32. Qh4+ Qf6 33. Qxf6+ Bxf6 34. Rh7+ Kd8 35. a3) 26... Ke7 $19 27. e5 b1=Q+ 28. Kxb1 Qg1+ 29. Kc2 Rh8 30. Rf7+ Kxf7 31. Qf5+ Ke7 {[%emt 0:00:12] [#] ( -> ...Rh1)} 32. e6 Bf6 ({Stronger than} 32... Bxc3 33. Qf7+ Kd8 34. e7+ (34. Kxc3 $2 {is a self mate.} Qc1+ 35. Kb4 Qb2+ 36. Ka5 b6#) 34... Kc8 35. e8=Q+ Rxe8 36. Qxe8#) 33. Ne4 Nxe4 {[%emt 0:00:09] Weighted Error Value: White=0.53/Black=0.26 (precise) .  Loses game:     	White=1     	---        Mistake:       	White=3     	---        Inaccurate:     	White=1     	Black=3      OK:         	White=5     	Black=7      Best:        	White=3     	Black=3      Strong:       	---       	Black=1} 0-1

[Event "40th Cappelle Open 2024"]
[Site "Cappelle-la-Grande"]
[Date "2024.03.05"]
[Round "5.13"]
[White "Duboue, Peio"]
[Black "Grooten, Herman"]
[Result "1-0"]
[ECO "B10"]
[WhiteElo "2454"]
[BlackElo "2223"]
[Annotator "TA"]
[PlyCount "83"]
[EventDate "2024.03.02"]
[EventType "swiss"]
[EventCountry "FRA"]
[SourceTitle "playchess.com"]
[Source "ChessBase"]
[SourceQuality "1"]
[TimeControl "40/5400+30:1800+30"]

1. e4 c6 2. c4 d5 3. exd5 cxd5 4. cxd5 Nf6 5. Qa4+ Nbd7 6. Nc3 g6 7. Nf3 Bg7 {[%emt 0:00:13][%mdl 1024] Black has compensation.} 8. Bc4 O-O 9. d3 a6 {[%emt 0:04:38] [#] ...b5 would now be deadly.} 10. Qa3 {[%emt 0:00:05] The position is equal.} b6 11. O-O Bb7 12. Re1 b5 13. Bb3 Re8 14. Be3 Bf8 15. Qb4 e6 16. Qf4 {[%emt 0:19:55] [#] dxe6 is the strong threat.} Nxd5 (16... exd5 {keeps more tension.} 17. Bd4 Nh5 18. Qd2 Rxe1+ 19. Rxe1 Nc5) 17. Nxd5 Bxd5 18. Bxd5 exd5 19. Bd4 $40 {[%emt 0:00:09][%mdl 128] White is up to no good.} Rxe1+ 20. Rxe1 {[%emt 0:00:06] Black must now prevent Ng5.} Qb8 21. Qxb8 Rxb8 22. Rc1 $1 {[%emt 0:00:05] Against Rc8} Nb6 {[%emt 0:04:30] White stays focused until the end.} 23. Rc7 Bg7 24. Bxg7 Kxg7 $16 {[%emt 0:00:07][%mdl 4096] Endgame. KRN-KRN} 25. Ng5 h6 26. Nxf7 {[%emt 0:01:08] White is more active.} Kf6 {[%emt 0:00:38] Dodges Ne5} (26... Rc8 $16 {keeps fighting.} 27. Rxc8 Nxc8) 27. Nxh6 $18 Ke5 28. Kf1 Kd4 29. Ke2 Na4 30. Rc6 Nxb2 31. Rxg6 (31. Rxa6 Nxd3 32. h4 Re8+ 33. Kf3 Ne5+ 34. Kg3 Kc5 $11) 31... Nxd3 {[%emt 0:00:49] aiming for ...Nf4+.} 32. Nf5+ (32. Rxa6 Re8+ 33. Kd2 Nxf2 $11) 32... Ke5 (32... Ke4 $16 33. Nd6+ (33. Rxa6 $2 {loses.} Nf4+ 34. Kd2 Kxf5 $19) 33... Kd4 34. Rg4+ (34. Nf5+ Ke4 $16) 34... Nf4+ (34... Kc3 $2 35. Rg3 $18) 35. Rxf4+ Ke5) 33. Kxd3 Kxf5 34. Rxa6 {[%emt 0:00:06] KR-KR} Ke5 $2 (34... Rh8 35. h3 Rh4) 35. g3 {[%emt 0:05:13] White is clearly winning.} Rh8 36. f4+ Kf5 37. Ke3 Rc8 38. Rd6 Rc3+ 39. Kd4 Rc2 40. Rxd5+ ({Less strong is} 40. Kxd5 Rxh2 41. Rb6 Rxa2 $16) 40... Kg4 41. Rxb5 Rxh2 42. Rg5+ {[%emt 0:00:06] Weighted Error Value: White=0.02 (flawless) /Black=0.30.  Mistake:       	---       	Black=3      Inaccurate:     	---       	Black=4      OK:         	White=20    	Black=12     Best:        	White=3     	---        Strong:       	White=1     	---} 1-0

[Event "40th Cappelle Open 2024"]
[Site "Cappelle-la-Grande"]
[Date "2024.03.05"]
[Round "5.14"]
[White "Zienkiewicz, Jan"]
[Black "Nikolov, Momchil"]
[Result "0-1"]
[ECO "B47"]
[WhiteElo "2218"]
[BlackElo "2453"]
[Annotator "TA"]
[PlyCount "70"]
[EventDate "2024.03.02"]
[EventType "swiss"]
[EventCountry "FRA"]
[SourceTitle "playchess.com"]
[Source "ChessBase"]
[SourceQuality "1"]
[TimeControl "40/5400+30:1800+30"]

1. e4 c5 2. Nf3 e6 3. d4 cxd4 4. Nxd4 Nc6 5. Nc3 Qc7 6. g4 h6 7. Be3 a6 8. f4 {[%emt 0:03:21] The position is equal.} b5 9. Nxc6 Qxc6 10. Bg2 Bb7 11. Rg1 Rc8 12. Qd3 {[%emt 0:11:59] White wants to play e5.} Qc4 13. Rd1 d6 14. a3 Nf6 15. Bf3 h5 (15... d5 $15) 16. h3 (16. g5 {simplifies} Qxd3 17. Rxd3 Nd7 18. Kd1) 16... hxg4 17. hxg4 Rh3 18. Kf2 b4 19. axb4 Qxb4 {[%emt 0:00:27] aiming for ...d5.} 20. Kg2 Rxf3 21. Kxf3 Nxe4 $1 22. Nxe4 f5 $1 23. gxf5 exf5 24. Kg3 Bxe4 25. Qxa6 Rxc2 26. Rd4 Qb3 {[%emt 0:00:46] Really sharp!} 27. Re1 {[%emt 0:05:03] White is weak on the light squares} (27. Qa4+ $11 {and White has nothing to worry.} Qxa4 28. Rxa4) 27... Kf7 $1 $19 {[%emt 0:02:24][%cal Ob3e6] ( -> ...Qe6!)} (27... Qxb2 28. Rxe4+ fxe4 29. Qa8+ Kd7 30. Qa4+ (30. Qxf8 {gets mated.} Rg2+ 31. Kh4 Rh2+ 32. Kg5 Qg2+ 33. Kf5 Rh5#) 30... Kc7 31. Qxe4 $16) (27... Rxb2 28. Qc8+ Kf7 29. Rxe4 fxe4 30. Qf5+ Kg8 31. Qxe4 $15) 28. Qa7+ $2 (28. Rxe4 fxe4 29. Re2) 28... Be7 $2 {[%emt 0:04:10] A strong pair of Bishops.} (28... Bb7 {[%cal Of8e7] Strongly threatening ...Be7!} 29. Qb8 Rg2+ (29... Qxb2 30. Rd2 $15) (29... Rxb2 $2 30. Qc7+ Be7 31. Qc4+ Kf8 32. Qxb3 $17) 30. Kh3 Kg8 (30... Rxb2 31. Qc7+ Be7 32. Qc4+ Kf8 33. Qxb3 $17) (30... Qxb2 $2 31. Rd2 $19)) 29. Qd7 {[%emt 0:02:48] [#]} (29. Rxe4 $19 fxe4 30. Qd7 Qxb2 (30... Rxb2 31. Qf5+ Bf6 32. Qd7+ Be7 33. Qf5+ Bf6 34. Qd7+ Be7 $11) 31. Qf5+ Qf6 32. Qh5+ Qg6+ 33. Qxg6+ Kxg6 34. Kg4) 29... Rg2+ {[%emt 0:01:20] Black mates.} 30. Kh3 Qxb2 (30... Rf2 31. Rxe4 fxe4 32. Qf5+ Kg8 33. Qxe4 $11) 31. Rd2 Rxd2 32. Bxd2 Qxd2 33. Rg1 Qd3+ ({Weaker is} 33... Qxf4 34. Rxg7+ Kxg7 35. Qxe7+ Kg6 36. Qf7+ Kxf7 $11) 34. Rg3 Qf1+ 35. Kh2 Qh1# {[%emt 0:00:38] Weighted Error Value: White=0.51/Black=0.16 (very precise) .  Loses game:     	White=1     	---        Mistake:       	White=2     	Black=2      Inaccurate:     	White=2     	Black=1      OK:         	White=9     	Black=8      Strong:       	---       	Black=3} 0-1

[Event "40th Cappelle Open 2024"]
[Site "Cappelle-la-Grande"]
[Date "2024.03.05"]
[Round "5.15"]
[White "Firat, Burak"]
[Black "Bauduin, Etienne"]
[Result "1-0"]
[ECO "D05"]
[WhiteElo "2439"]
[BlackElo "2191"]
[Annotator "TA"]
[PlyCount "65"]
[EventDate "2024.03.02"]
[EventType "swiss"]
[EventCountry "FRA"]
[SourceTitle "playchess.com"]
[Source "ChessBase"]
[SourceQuality "1"]
[TimeControl "40/5400+30:1800+30"]

1. Nf3 d5 2. e3 Nf6 3. b3 e6 4. Bb2 Bd6 5. d4 O-O 6. Nbd2 b6 7. g3 c5 8. dxc5 {[%emt 0:04:57] The position is equal.} Bxc5 9. Bg2 Nc6 10. O-O a5 11. c4 Ba6 12. Qc2 Qe7 13. Rfd1 (13. Ng5 {feels hotter.} Nb4 14. Qb1 g6 15. Rd1) 13... Rfd8 14. a3 Rac8 15. cxd5 exd5 16. Qf5 d4 17. e4 (17. b4 $11 axb4 18. axb4 Nxb4 19. Nxd4) 17... Qd7 (17... Nd7 $15) 18. Qxd7 $11 Nxd7 19. Bh3 Rb8 20. Rdc1 (20. Bf1 $11 Bxf1 21. Kxf1) 20... Nde5 $15 21. Ne1 h5 (21... d3 {with more complications.} 22. Bf1 g5 23. Nef3 Nxf3+ 24. Nxf3 g4) 22. Bf1 Bxf1 23. Kxf1 g5 (23... d3 $11 {remains equal.}) 24. f4 $16 gxf4 25. gxf4 Ng6 (25... Nd7 $142) 26. Nd3 Rbc8 27. Ke2 (27. Nxc5 $142 bxc5 28. Rxc5 (28. f5 Nf4 $11) 28... Nxf4 29. Rac1) 27... Bd6 28. Rg1 {[%emt 0:00:10] Black must now prevent f5.} Kf8 {[%emt 0:00:27] [#]} 29. Raf1 Be7 {[%emt 0:01:09] Inhibits Rg5.} (29... a4 $16 {was necessary.}) 30. Kd1 ({Better is} 30. Nc4 $18) 30... Bf6 (30... a4 $16 {might work better.}) 31. Nc4 $18 Bg7 $2 (31... b5) 32. Rg5 ({Less strong is} 32. Nxb6 Rb8 $18) 32... h4 33. a4 {[%emt 0:02:11] Weighted Error Value: White=0.16 (very precise) /Black=0.32.  Mistake:       	White=4     	Black=6      Inaccurate:     	White=1     	Black=4      OK:         	White=12    	Black=8      Best:        	White=2     	Black=1} ({Weaker is} 33. Nxb6 Rb8 $18) 1-0

[Event "40th Cappelle Open 2024"]
[Site "Cappelle-la-Grande"]
[Date "2024.03.05"]
[Round "5.16"]
[White "Lesueur, Gabriel"]
[Black "Tarhan, Adar"]
[Result "0-1"]
[ECO "B34"]
[WhiteElo "2207"]
[BlackElo "2432"]
[Annotator "TA"]
[PlyCount "56"]
[EventDate "2024.03.02"]
[EventType "swiss"]
[EventCountry "FRA"]
[SourceTitle "playchess.com"]
[Source "ChessBase"]
[SourceQuality "1"]
[TimeControl "40/5400+30:1800+30"]

1. e4 c5 2. Nf3 Nc6 3. Nc3 g6 4. d4 cxd4 5. Nxd4 Bg7 6. Be3 Nf6 7. Nxc6 bxc6 8. e5 Ng8 9. f4 Nh6 {[%emt 0:00:17] Black is weak on the dark squares} 10. h3 Rb8 11. Qd2 ({Much weaker is} 11. Bxa7 Rxb2 12. Qd2 d6 $15) 11... Rxb2 12. Na4 {[%emt 0:00:03] The position is equal.} Rb8 13. Bxa7 Qc7 14. Bxb8 Qxb8 15. O-O-O O-O 16. Bc4 {[%emt 0:03:54] Threatening g4.} Nf5 17. g4 d5 18. gxf5 (18. Bb3 $1 $14) 18... dxc4 $11 19. fxg6 fxg6 20. Rhf1 $2 {[%emt 0:00:43] [#] Now White is beyond hope.} (20. Qc3 $11) 20... Bxh3 21. Rf2 (21. Rfe1 Bg4 22. Qc3) 21... Qa7 $19 22. Rh2 Bh6 ({Weaker is} 22... Qxa4 23. Rxh3 $17) 23. Rxh3 Bxf4 24. Qxf4 Rxf4 25. Nb2 Qxa2 {[%emt 0:00:16] Black mates.} 26. Rd8+ Kg7 27. Rb8 Qa1+ 28. Kd2 Rf2+ {[%emt 0:00:16] Weighted Error Value: White=0.99/Black=0.06 (flawless) .  Loses game:     	White=1     	---        Mistake:       	White=2     	---        Inaccurate:     	White=1     	Black=1      OK:         	White=5     	Black=3      Best:        	White=2     	Black=2} 0-1

[Event "40th Cappelle Open 2024"]
[Site "Cappelle-la-Grande"]
[Date "2024.03.05"]
[Round "5.17"]
[White "Enchev, Ivajlo"]
[Black "Feryn, Benjamin"]
[Result "1-0"]
[ECO "A41"]
[WhiteElo "2425"]
[BlackElo "2182"]
[Annotator "TA"]
[PlyCount "97"]
[EventDate "2024.03.02"]
[EventType "swiss"]
[EventCountry "FRA"]
[SourceTitle "playchess.com"]
[Source "ChessBase"]
[SourceQuality "1"]
[TimeControl "40/5400+30:1800+30"]

1. d4 g6 2. Nf3 Bg7 3. Bf4 d6 4. Nc3 Nd7 5. e4 e5 6. Bg5 Ngf6 7. Bc4 O-O 8. O-O h6 9. Bh4 exd4 10. Nxd4 c6 11. a4 Nc5 (11... Qb6 $11) 12. Re1 Re8 (12... Qb6 $5 13. Nb3 Ncxe4 $15) 13. Nb3 Nxb3 14. cxb3 Be6 15. a5 g5 16. Bg3 d5 17. exd5 Nxd5 18. Nxd5 cxd5 19. Bb5 Bd7 20. Qxd5 (20. Rxe8+ $1 $11 {keeps the balance.} Qxe8 21. Bf1) 20... Rxe1+ $17 21. Rxe1 Qxa5 22. Re7 Be6 23. Qxb7 (23. Rxe6 $142 fxe6 24. Qxe6+ Kh8 25. Bc4) 23... Rd8 $17 24. Bf1 Bf6 $2 (24... Rd1 $17 {and life is bright. aiming for ...Bf8.} 25. Qa8+ (25. Qxa7 $2 Qxa7 26. Rxa7 Bf5 $19) 25... Kh7 26. Qe4+ (26. Qxa7 $2 Qb5 27. h3 Qxf1+ 28. Kh2 Qh1#) 26... Qf5) 25. Bc7 $18 (25. Qxa7 Qe1 $17) 25... Qd5 26. Bxd8 (26. Qxa7 $2 Ra8 (26... Bxe7 $2 27. Bxd8 Bxd8 28. h4 $19) 27. Bg3 Rxa7 28. Rxa7 Qxb3 29. Ra8+ Kg7 $19) 26... Qxd8 {[%emt 0:00:07] [#]} 27. Rxe6 ({White should try} 27. Rc7 $1 $18) 27... fxe6 $16 28. Qxa7 (28. Qe4 $16) 28... Bxb2 29. Qe3 Qf6 30. Bc4 Kf7 31. g3 Bd4 32. Qe2 Qe5 33. Qc2 Ke7 34. Kg2 Kd6 35. Bd3 (35. Qd2 {with more complications.} h5 36. Qb4+ Kc6 37. Be2) 35... Bc5 36. Bc4 ({Better is} 36. Bg6 $16) 36... Qd4 (36... Bd4 $1 $11) 37. f3 $16 h5 38. Qg6 Qb2+ 39. Kh3 Bg1 (39... Qe5 $1 $14) 40. Qxe6+ $16 Kc5 (40... Kc7 $16 {might work better.} 41. Be2 g4+ 42. Kh4 (42. fxg4 hxg4+ 43. Qxg4 Qxb3 $18) 42... gxf3 43. Qe7+ (43. Bxf3 Qxh2+ 44. Qh3 Qb2 $11) 43... Kc6 44. Bxf3+ Kb5) 41. Qe7+ ({White should play} 41. Qd5+ $18 Kb6 42. Qd6+ (42. Qxg5 $2 Qxh2#) 42... Kb7 43. Bd5+ Kc8 44. Be6+ Kb7 45. Qe7+ Kc6 46. Qd7+ (46. Qxg5 $2 Qxh2#) 46... Kc5 47. Qc7+ Kb4 48. Qe7+ Kc3 49. Qg7+ (49. Qxg5 $2 Qxh2#) 49... Kc2 50. Qxg5) 41... Kb6 (41... Kc6 $16 42. Qe8+ (42. Qxg5 $2 Qxh2#) 42... Kc7 43. Qe7+ (43. Qxh5 Qxh2+ 44. Kg4 Qxh5+ 45. Kxh5 Be3 $18) 43... Kc6 44. Qe6+ (44. Qxg5 $2 Qxh2#) 44... Kc7 45. Qe7+ Kc6) 42. Qd8+ (42. Qxg5 $2 Qxh2#) 42... Kb7 43. Bd5+ (43. Qxg5 $2 Qxh2#) (43. Qd7+ $18 Kb6 44. Qd6+ Kb7 45. Bd5+ Kc8 46. Be6+ Kb7 47. Qe7+ Kc6 48. Qd7+ (48. Qxg5 $2 Qxh2#) 48... Kc5 49. Qc7+ Kb4 50. Qe7+ Kc3 51. Qf6+ (51. Qxg5 $2 Qxh2#) 51... Kc2 52. Qxg5) 43... Ka6 $16 44. Bc4+ (44. Qxg5 $2 Qxh2#) (44. Qc8+ $16 Kb6 45. Qc6+ Ka5 46. Qc7+ Kb4 47. Qe7+ Kb5 48. Qd7+ (48. Qxg5 $2 Qxh2#) 48... Ka5 49. Qc7+ Kb4 50. Qe7+ Kb5 51. Bc4+ (51. Qxg5 $2 Qxh2#) 51... Kc6 52. Qe6+ (52. Qxg5 $2 Qxh2#) 52... Kc7 53. Be2) 44... Kb7 $18 45. Qe7+ (45. Qxg5 $2 Qxh2#) 45... Kb6 $1 46. Qe6+ (46. Qxg5 $2 Qxh2#) 46... Kc5 $1 47. Qf5+ Kb4 $2 (47... Kb6 $16 48. Qg6+ (48. Qxg5 $2 Qxh2#) 48... Kc7 49. Qh7+ (49. Qxg5 $2 Qxh2#) 49... Kd6 50. Qxh5 Qxh2+ 51. Kg4 Qxh5+ 52. Kxh5 Be3) 48. Qb5+ (48. Qxg5 $2 Qxh2#) 48... Kc3 49. Qe5+ (49. Qxg5 $2 Qxh2#) 1-0

[Event "40th Cappelle Open 2024"]
[Site "Cappelle-la-Grande"]
[Date "2024.03.05"]
[Round "5.18"]
[White "Loiseau, Quentin"]
[Black "De Villers, Mourad"]
[Result "1-0"]
[ECO "B75"]
[WhiteElo "2412"]
[BlackElo "2170"]
[Annotator "TA"]
[PlyCount "41"]
[EventDate "2024.03.02"]
[EventType "swiss"]
[EventCountry "FRA"]
[SourceTitle "playchess.com"]
[Source "ChessBase"]
[SourceQuality "1"]
[TimeControl "40/5400+30:1800+30"]

1. e4 c5 2. Nf3 d6 3. d4 cxd4 4. Nxd4 Nf6 5. Nc3 g6 6. Be3 Bg7 7. f3 Nbd7 8. g4 a6 9. h4 b5 {[%emt 0:24:26] White is better.} 10. h5 Bb7 {[%emt 0:03:07] Prevents Nc6.} 11. h6 Bf8 12. g5 $36 {[%emt 0:00:04][%mdl 2048] Keeping Black busy.} Nh5 {[%emt 0:01:02] [#]} 13. Rxh5 $1 gxh5 14. f4 {[%emt 0:01:42][%cal Oc3d5] White is much more active.} Qa5 15. Qxh5 {[%emt 0:01:59] Bh3 would now be deadly.} Bxe4 $2 (15... Rc8 $16 {was called for.}) 16. Nb3 $18 Qc7 (16... Bg6) 17. Nxe4 {[%emt 0:00:29] White is clearly winning.} Qxc2 {[%emt 0:00:22] Black is weak on the dark squares} 18. Qf3 {[%emt 0:01:01][%cal Oe4d6] Black must now prevent Nxd6+!} d5 19. Nc3 {[%emt 0:01:20] A dynamic duo of knights.} e6 20. Bd4 Rg8 21. Bd3 {[%emt 0:00:07] White took control after the opening.   Weighted Error Value: White=0.04 (flawless) /Black=0.74.  Loses game:     	---       	Black=1      Mistake:       	---       	Black=1      OK:         	White=6     	Black=2      Best:        	White=2     	---} 1-0

[Event "40th Cappelle Open 2024"]
[Site "Cappelle-la-Grande"]
[Date "2024.03.06"]
[Round "6.1"]
[White "Barp, Alberto"]
[Black "Puranik, Abhimanyu"]
[Result "1/2-1/2"]
[ECO "E15"]
[WhiteElo "2449"]
[BlackElo "2618"]
[Annotator "TA"]
[PlyCount "64"]
[EventDate "2024.03.02"]
[EventType "swiss"]
[EventCountry "FRA"]
[SourceTitle "playchess.com"]
[Source "ChessBase"]
[SourceQuality "1"]
[TimeControl "40/5400+30:1800+30"]

1. d4 Nf6 2. c4 e6 3. Nf3 b6 4. g3 Ba6 5. b3 Bb4+ 6. Bd2 Be7 7. Bg2 O-O 8. O-O d5 9. cxd5 exd5 10. Nc3 Nbd7 11. Nh4 Re8 12. Nf5 Bb4 {[%emt 0:05:03] [#] ...Bxc3 ist eine echte Drohung.} 13. Ne3 c6 14. a3 Bxc3 15. Bxc3 Ng4 16. Bd2 ({Doch nicht} 16. Nxg4 Bxe2 17. Qc2 Bxg4 $17) 16... h5 17. Rc1 Re6 18. Bf3 (18. Re1 {hält die Spannung aufrecht.} Qf6 19. Nxg4 hxg4 20. e4) 18... Nxe3 19. Bxe3 g6 20. Rc3 Nf6 21. Bg5 Qd6 {[%emt 0:04:18] Die Stellung ist ausgeglichen.} 22. Bxf6 Rxf6 23. a4 Re8 24. h4 Rxf3 25. exf3 Bxf1 26. Qxf1 $11 {[%emt 0:00:22][%mdl 4096] Endspiel. KQR-KQR} Qb4 27. Qd3 Re1+ 28. Kg2 c5 29. dxc5 bxc5 30. Rc2 Rb1 {[%emt 0:07:12] [#] ( -> ...Qe1)} 31. Qe3 (31. Qxd5 Qe1 32. g4 hxg4 (32... Qh1+ $2 33. Kg3 $19) 33. Qa8+ Kg7 $19) 31... Qd4 32. Qxd4 cxd4 {[%emt 0:00:27] Gewichteter Fehlerwert: Weiß=0.04 (makellos) /Schwarz=0.05 (makellos) .  Ungenau:       	Weiß=3     	Schwarz=2     OK:         	Weiß=10    	Schwarz=7} 1/2-1/2